[ PARTIDA AOE2 · #479035139 ]
Team RMCumanos vs Huns
[ ANÁLISIS DE REPETICIÓN · EXTRAÍDO DE LA PARTIDA GRABADA ]
Feudal
—
Castillos
—
Imperial
—
| APM promedio | 10.0 |
| APM pico | 45 |
| eAPM promedio | 9.0 |
| Aldeanos / militares | 89 / 74 |
Foco
⚔️ 30.6% · 🌾 69.4%
Steppe Lancer ×28 · Skirmisher ×22 · Spearman ×10 · Trade Cart ×8 · Scout Cavalry ×7 · Militia ×4
Feudal
—
Castillos
—
Imperial
—
| APM promedio | 18.6 |
| APM pico | 43 |
| eAPM promedio | 11.8 |
| Aldeanos / militares | 94 / 158 |
Foco
⚔️ 27.7% · 🌾 72.3%
Teutonic Knight ×66 · Skirmisher ×61 · Scout Cavalry ×12 · Knight ×8 · Archer ×7 · Fishing Ship ×4
Feudal
—
Castillos
—
Imperial
—
| APM promedio | 15.4 |
| APM pico | 57 |
| eAPM promedio | 9.9 |
| Aldeanos / militares | 117 / 115 |
Foco
⚔️ 29.9% · 🌾 70.1%
Cavalry Archer ×80 · Battering Ram ×18 · Spearman ×11 · Militia ×6 · Trade Cart ×3
Feudal
—
Castillos
—
Imperial
—
| APM promedio | 6.4 |
| APM pico | 26 |
| eAPM promedio | 4.1 |
| Aldeanos / militares | 46 / 46 |
Foco
⚔️ 21.3% · 🌾 78.7%
Spearman ×30 · Militia ×7 · Scout Cavalry ×5 · Knight ×4
Feudal
—
Castillos
—
Imperial
—
| APM promedio | 18.0 |
| APM pico | 57 |
| eAPM promedio | 8.7 |
| Aldeanos / militares | 51 / 96 |
Foco
⚔️ 24.6% · 🌾 75.4%
Woad Raider ×77 · Scout Cavalry ×12 · Fishing Ship ×7 · Trade Cart ×5 · Trebuchet (Packed) ×4 · Battering Ram ×2
Feudal
—
Castillos
—
Imperial
—
| APM promedio | 35.0 |
| APM pico | 159 |
| eAPM promedio | 33.0 |
| Aldeanos / militares | 112 / 80 |
Foco
⚔️ 11.9% · 🌾 88.1%
Mameluke ×48 · Camel Scout ×22 · Trade Cart ×8 · Militia ×4 · Spearman ×3 · Scout Cavalry ×2
Feudal
—
Castillos
—
Imperial
—
| APM promedio | 6.4 |
| APM pico | 36 |
| eAPM promedio | 2.2 |
| Aldeanos / militares | 38 / 2 |
Foco
⚔️ 12.6% · 🌾 87.4%
Militia ×2
Feudal
—
Castillos
—
Imperial
—
| APM promedio | 15.3 |
| APM pico | 37 |
| eAPM promedio | 13.0 |
| Aldeanos / militares | 113 / 145 |
Foco
⚔️ 34.0% · 🌾 66.0%
Samurai ×86 · Militia ×21 · Spearman ×19 · Skirmisher ×12 · Trade Cart ×7 · Trebuchet (Packed) ×6
Mapa de la partida
Recursos iniciales + cada clic de construcción. Líneas = muros · curvas = relieve. ◆ oro · ⬟ piedra · ● bayas · ✦ reliquia · ◌ hueco del cierre
Tu base· Abierta — flanco sin cerrar
Base de Xtasy· Abierta — flanco sin cerrar
Base de BleakAftershock· Abierta — flanco sin cerrar
Base de Izaya· Abierta — flanco sin cerrar
Base de saahilrasheedh7092· Abierta — flanco sin cerrar
Base de eXo Leech· Abierta — flanco sin cerrar
Base de Jimenez197060· Abierta — flanco sin cerrar
Base de eXo BlackOut· Abierta — flanco sin cerrar
Terreno inicial suavizado · ◌ = hueco del cierre detectado · pasá el cursor para detalles
Inputs por minuto
— eXo WipeOut - - Xtasy
Build order — eXo WipeOut
Primeras 150 de 272 acciones detectadas
| 1:12 | Construir | Town Center |
| 3:26 | Construir | House |
| 3:33 | Construir | House |
| 3:41 | Crear | Villager (Male) |
| 3:41 | Crear | Villager (Male) |
| 3:41 | Crear | Villager (Male) |
| 3:42 | Crear | Villager (Male) |
| 3:42 | Crear | Villager (Male) |
| 6:10 | Crear | Villager (Male) |
| 6:10 | Crear | Villager (Male) |
| 6:10 | Crear | Villager (Male) |
| 6:10 | Crear | Villager (Male) |
| 8:19 | Crear | Villager (Male) |
| 8:19 | Crear | Villager (Male) |
| 8:20 | Crear | Villager (Male) |
| 8:23 | Crear | Villager (Male) |
| 8:25 | Crear | Villager (Male) |
| 10:32 | Construir | Lumber Camp |
| 13:04 | Construir | Barracks |
| 14:18 | Investigar | Feudal Age |
| 14:32 | Crear | Militia |
| 14:32 | Crear | Militia |
| 14:33 | Crear | Militia |
| 14:33 | Crear | Militia |
| 14:53 | Construir | House |
| 14:55 | Construir | House |
| 14:59 | Construir | House |
| 15:07 | Construir | House |
| 15:08 | Construir | House |
| 15:14 | Construir | House |
| 15:16 | Construir | House |
| 16:25 | Construir | Mill |
| 16:35 | Investigar | Wheelbarrow |
| 16:35 | Investigar | Wheelbarrow |
| 16:35 | Crear | Villager (Male) |
| 16:36 | Crear | Villager (Male) |
| 16:36 | Crear | Villager (Male) |
| 16:36 | Crear | Villager (Male) |
| 16:42 | Crear | Villager (Male) |
| 17:28 | Construir | Farm |
| 17:29 | Construir | Farm |
| 17:31 | Construir | Farm |
| 17:33 | Construir | Farm |
| 17:35 | Construir | Farm |
| 17:37 | Construir | Farm |
| 18:31 | Construir | Farm |
| 18:42 | Investigar | Double-Bit Axe |
| 18:47 | Investigar | Horse Collar |
| 18:58 | Construir | Farm |
| 19:31 | Construir | Mining Camp |
| 19:48 | Crear | Villager (Male) |
| 19:49 | Crear | Villager (Male) |
| 20:02 | Construir | Farm |
| 20:30 | Construir | Farm |
| 20:40 | Investigar | Gold Mining |
| 20:50 | Crear | Villager (Male) |
| 20:50 | Crear | Villager (Male) |
| 21:11 | Construir | Blacksmith |
| 21:55 | Crear | Villager (Male) |
| 21:55 | Crear | Villager (Male) |
| 21:56 | Crear | Villager (Male) |
| 21:56 | Crear | Villager (Male) |
| 22:09 | Construir | Market |
| 22:53 | Construir | Farm |
| 22:57 | Construir | Farm |
| 23:11 | Investigar | Loom |
| 23:15 | Investigar | Scale Barding Armor |
| 23:24 | Construir | Farm |
| 23:56 | Construir | Town Center |
| 24:36 | Crear | Villager (Male) |
| 24:36 | Crear | Villager (Male) |
| 24:37 | Crear | Villager (Male) |
| 24:37 | Crear | Villager (Male) |
| 26:05 | Investigar | Stone Mining |
| 26:13 | Investigar | Forging |
| 26:34 | Crear | Villager (Male) |
| 26:35 | Crear | Villager (Male) |
| 26:35 | Crear | Villager (Male) |
| 26:35 | Crear | Villager (Male) |
| 26:36 | Crear | Villager (Male) |
| 26:58 | Crear | Spearman |
| 26:59 | Crear | Spearman |
| 26:59 | Crear | Spearman |
| 26:59 | Crear | Spearman |
| 26:59 | Crear | Spearman |
| 26:59 | Crear | Spearman |
| 27:36 | Construir | Stable |
| 27:38 | Construir | Stable |
| 27:39 | Construir | Stable |
| 27:42 | Construir | Stable |
| 27:45 | Construir | Stable |
| 28:40 | Crear | Spearman |
| 28:40 | Crear | Spearman |
| 28:41 | Crear | Spearman |
| 28:41 | Crear | Spearman |
| 29:22 | Investigar | Bloodlines |
| 29:42 | Crear | Villager (Male) |
| 29:42 | Crear | Villager (Male) |
| 29:43 | Crear | Villager (Male) |
| 29:43 | Crear | Villager (Male) |
| 29:43 | Crear | Villager (Male) |
| 29:43 | Crear | Villager (Male) |
| 29:45 | Crear | Villager (Male) |
| 29:45 | Crear | Villager (Male) |
| 30:38 | Construir | Archery Range |
| 30:40 | Construir | Archery Range |
| 30:42 | Construir | Archery Range |
| 30:45 | Construir | Archery Range |
| 30:49 | Construir | Archery Range |
| 31:25 | Crear | Villager (Male) |
| 31:25 | Crear | Villager (Male) |
| 31:25 | Crear | Villager (Male) |
| 31:25 | Crear | Villager (Male) |
| 33:27 | Investigar | Castle Age |
| 34:08 | Crear | Scout Cavalry |
| 34:09 | Crear | Scout Cavalry |
| 34:09 | Crear | Scout Cavalry |
| 34:09 | Crear | Scout Cavalry |
| 34:09 | Crear | Scout Cavalry |
| 34:09 | Crear | Scout Cavalry |
| 34:10 | Crear | Scout Cavalry |
| 34:53 | Crear | Villager (Male) |
| 34:53 | Crear | Villager (Male) |
| 34:54 | Crear | Villager (Male) |
| 34:54 | Crear | Villager (Male) |
| 34:54 | Crear | Villager (Male) |
| 37:06 | Construir | Town Center |
| 37:24 | Crear | Villager (Male) |
| 37:24 | Crear | Villager (Male) |
| 37:24 | Crear | Villager (Male) |
| 37:25 | Crear | Villager (Male) |
| 37:25 | Crear | Villager (Male) |
| 37:27 | Investigar | Hand Cart |
| 37:34 | Investigar | Heavy Plow |
| 37:52 | Construir | Farm |
| 38:52 | Construir | Lumber Camp |
| 39:15 | Construir | Farm |
| 39:17 | Construir | Farm |
| 39:18 | Construir | Farm |
| 39:19 | Construir | Farm |
| 39:20 | Construir | Farm |
| 39:22 | Construir | Farm |
| 39:24 | Construir | Farm |
| 39:27 | Construir | Farm |
| 39:40 | Crear | Villager (Male) |
| 39:40 | Crear | Villager (Male) |
| 39:40 | Crear | Villager (Male) |
| 39:42 | Crear | Villager (Male) |
| 40:00 | Investigar | Thumb Ring |
| 40:37 | Crear | Villager (Male) |
Build order — Xtasy
Primeras 150 de 298 acciones detectadas
| 1:34 | Construir | Town Center |
| 4:03 | Construir | House |
| 4:12 | Construir | House |
| 4:17 | Crear | Villager (Male) |
| 4:17 | Crear | Villager (Male) |
| 4:18 | Crear | Villager (Male) |
| 4:18 | Crear | Villager (Male) |
| 4:18 | Crear | Villager (Male) |
| 5:40 | Crear | Villager (Male) |
| 5:40 | Crear | Villager (Male) |
| 6:02 | Construir | Lumber Camp |
| 6:23 | Crear | Villager (Male) |
| 6:27 | Crear | Villager (Male) |
| 6:27 | Crear | Villager (Male) |
| 6:49 | Crear | Villager (Male) |
| 6:49 | Crear | Villager (Male) |
| 7:35 | Crear | Villager (Male) |
| 8:05 | Crear | Villager (Male) |
| 8:05 | Crear | Villager (Male) |
| 8:37 | Crear | Villager (Male) |
| 8:37 | Crear | Villager (Male) |
| 9:06 | Crear | Villager (Male) |
| 9:07 | Crear | Villager (Male) |
| 9:11 | Construir | House |
| 9:32 | Crear | Villager (Male) |
| 9:32 | Crear | Villager (Male) |
| 9:38 | Crear | Villager (Male) |
| 9:38 | Crear | Villager (Male) |
| 9:38 | Crear | Villager (Male) |
| 9:48 | Construir | House |
| 10:14 | Crear | Villager (Male) |
| 10:14 | Crear | Villager (Male) |
| 10:14 | Crear | Villager (Male) |
| 10:32 | Investigar | Loom |
| 10:33 | Crear | Villager (Male) |
| 10:33 | Crear | Villager (Male) |
| 10:33 | Crear | Villager (Male) |
| 10:33 | Crear | Villager (Male) |
| 10:58 | Crear | Villager (Male) |
| 10:59 | Crear | Villager (Male) |
| 10:59 | Crear | Villager (Male) |
| 11:26 | Crear | Villager (Male) |
| 12:16 | Construir | Barracks |
| 12:51 | Construir | House |
| 13:06 | Construir | Mill |
| 13:17 | Construir | Mining Camp |
| 13:23 | Construir | Palisade Wall |
| 13:26 | Construir | Palisade Wall |
| 13:44 | Construir | Dock |
| 14:33 | Investigar | Feudal Age |
| 14:38 | Construir | House |
| 14:41 | Construir | House |
| 14:46 | Construir | House |
| 15:21 | Construir | Lumber Camp |
| 15:33 | Crear | Fishing Ship |
| 15:56 | Crear | Villager (Male) |
| 15:56 | Crear | Villager (Male) |
| 16:04 | Crear | Fishing Ship |
| 16:22 | Construir | House |
| 16:23 | Construir | House |
| 16:51 | Construir | Farm |
| 16:51 | Construir | Farm |
| 17:01 | Construir | Archery Range |
| 17:04 | Crear | Spearman |
| 17:04 | Crear | Spearman |
| 17:05 | Crear | Spearman |
| 17:15 | Construir | Gate |
| 17:38 | Crear | Demolition Raft |
| 17:44 | Crear | Villager (Male) |
| 18:24 | Construir | Stable |
| 18:30 | Crear | Villager (Male) |
| 18:36 | Construir | Farm |
| 18:43 | Construir | Farm |
| 18:45 | Crear | Villager (Male) |
| 18:46 | Crear | Villager (Male) |
| 18:48 | Crear | Villager (Male) |
| 18:49 | Crear | Villager (Male) |
| 18:52 | Construir | Farm |
| 19:13 | Crear | Villager (Male) |
| 19:23 | Construir | Stone Wall |
| 19:26 | Crear | Villager (Male) |
| 19:33 | Construir | Farm |
| 19:35 | Construir | Farm |
| 19:39 | Construir | Farm |
| 19:41 | Construir | Farm |
| 19:49 | Crear | Archer |
| 19:49 | Crear | Archer |
| 19:49 | Crear | Archer |
| 19:52 | Crear | Archer |
| 20:11 | Construir | Stone Wall |
| 20:12 | Construir | Stone Wall |
| 20:29 | Investigar | Bloodlines |
| 20:37 | Construir | Farm |
| 20:40 | Construir | Farm |
| 20:44 | Construir | Farm |
| 20:51 | Construir | Farm |
| 20:59 | Crear | Archer |
| 21:01 | Crear | Scout Cavalry |
| 21:01 | Crear | Scout Cavalry |
| 21:01 | Crear | Scout Cavalry |
| 21:29 | Construir | Farm |
| 21:35 | Crear | Villager (Male) |
| 21:39 | Crear | Scout Cavalry |
| 21:39 | Crear | Scout Cavalry |
| 21:49 | Construir | Stable |
| 22:05 | Construir | Market |
| 22:12 | Crear | Scout Cavalry |
| 22:12 | Crear | Scout Cavalry |
| 22:18 | Crear | Villager (Male) |
| 22:18 | Crear | Villager (Male) |
| 22:45 | Construir | Fish Trap |
| 22:47 | Construir | Fish Trap |
| 22:57 | Crear | Fishing Ship |
| 22:57 | Crear | Fishing Ship |
| 23:04 | Crear | Scout Cavalry |
| 23:04 | Crear | Scout Cavalry |
| 23:08 | Crear | Scout Cavalry |
| 23:18 | Construir | Blacksmith |
| 23:21 | Crear | Scout Cavalry |
| 23:22 | Crear | Scout Cavalry |
| 23:39 | Construir | House |
| 23:42 | Construir | House |
| 23:44 | Construir | House |
| 23:45 | Construir | House |
| 23:56 | Crear | Villager (Male) |
| 23:56 | Crear | Villager (Male) |
| 24:11 | Investigar | Scale Barding Armor |
| 24:57 | Crear | Villager (Male) |
| 24:57 | Crear | Villager (Male) |
| 24:58 | Crear | Villager (Male) |
| 25:14 | Crear | Archer |
| 25:14 | Crear | Archer |
| 26:29 | Investigar | Forging |
| 27:06 | Crear | Villager (Male) |
| 27:06 | Crear | Villager (Male) |
| 27:10 | Investigar | Wheelbarrow |
| 27:11 | Investigar | Horse Collar |
| 27:14 | Investigar | Double-Bit Axe |
| 28:18 | Crear | Villager (Male) |
| 28:18 | Crear | Villager (Male) |
| 28:19 | Crear | Villager (Male) |
| 28:19 | Crear | Villager (Male) |
| 30:07 | Crear | Villager (Male) |
| 30:07 | Crear | Villager (Male) |
| 30:07 | Crear | Villager (Male) |
| 30:26 | Construir | Stone Wall |
| 30:47 | Investigar | Castle Age |
| 30:53 | Construir | Farm |
| 30:55 | Construir | Farm |
| 30:56 | Construir | Farm |
Build order — BleakAftershock
Primeras 150 de 274 acciones detectadas
| 2:04 | Construir | Town Center |
| 3:47 | Crear | Villager (Male) |
| 3:47 | Crear | Villager (Male) |
| 3:47 | Crear | Villager (Male) |
| 4:07 | Crear | Villager (Male) |
| 5:40 | Crear | Villager (Male) |
| 5:40 | Crear | Villager (Male) |
| 5:40 | Crear | Villager (Male) |
| 5:41 | Crear | Villager (Male) |
| 6:41 | Crear | Villager (Male) |
| 6:55 | Crear | Villager (Male) |
| 6:59 | Crear | Villager (Male) |
| 7:21 | Construir | Lumber Camp |
| 7:26 | Crear | Villager (Male) |
| 7:43 | Crear | Villager (Male) |
| 8:08 | Crear | Villager (Male) |
| 9:27 | Crear | Villager (Male) |
| 9:54 | Construir | Mill |
| 10:02 | Crear | Villager (Male) |
| 10:03 | Crear | Villager (Male) |
| 10:08 | Investigar | Loom |
| 10:47 | Crear | Villager (Male) |
| 11:43 | Investigar | Feudal Age |
| 11:43 | Investigar | Feudal Age |
| 12:16 | Construir | Lumber Camp |
| 13:31 | Crear | Villager (Male) |
| 13:31 | Crear | Villager (Male) |
| 14:06 | Construir | Barracks |
| 14:10 | Crear | Villager (Male) |
| 14:11 | Crear | Villager (Male) |
| 15:18 | Construir | Mining Camp |
| 15:23 | Crear | Villager (Male) |
| 15:24 | Crear | Villager (Male) |
| 15:24 | Crear | Villager (Male) |
| 15:28 | Investigar | Man-at-Arms (upgrade) |
| 15:37 | Crear | Spearman |
| 15:37 | Crear | Spearman |
| 15:55 | Investigar | Double-Bit Axe |
| 16:26 | Crear | Villager (Male) |
| 16:29 | Crear | Militia |
| 16:30 | Crear | Militia |
| 16:30 | Crear | Militia |
| 17:01 | Crear | Villager (Male) |
| 17:14 | Construir | Blacksmith |
| 17:24 | Construir | Market |
| 17:29 | Crear | Villager (Male) |
| 17:29 | Crear | Villager (Male) |
| 17:43 | Construir | Farm |
| 18:07 | Construir | Farm |
| 18:10 | Construir | Farm |
| 18:13 | Crear | Militia |
| 18:14 | Crear | Militia |
| 18:14 | Crear | Militia |
| 18:38 | Construir | Farm |
| 18:42 | Investigar | Scale Barding Armor |
| 18:43 | Investigar | Forging |
| 18:49 | Crear | Villager (Male) |
| 18:49 | Crear | Villager (Male) |
| 18:49 | Crear | Villager (Male) |
| 19:19 | Construir | Farm |
| 19:40 | Crear | Villager (Male) |
| 19:41 | Crear | Villager (Male) |
| 19:47 | Construir | Farm |
| 20:04 | Construir | Farm |
| 20:04 | Construir | Farm |
| 20:04 | Construir | Farm |
| 20:04 | Construir | Farm |
| 20:04 | Construir | Farm |
| 20:05 | Construir | Farm |
| 20:14 | Construir | Farm |
| 20:33 | Crear | Villager (Male) |
| 20:33 | Crear | Villager (Male) |
| 20:44 | Construir | Farm |
| 20:48 | Construir | Farm |
| 20:50 | Construir | Farm |
| 21:13 | Construir | Farm |
| 21:18 | Construir | Farm |
| 21:45 | Construir | Farm |
| 21:49 | Crear | Villager (Male) |
| 21:49 | Crear | Villager (Male) |
| 21:49 | Crear | Villager (Male) |
| 21:49 | Crear | Villager (Male) |
| 21:50 | Crear | Villager (Male) |
| 22:32 | Crear | Villager (Male) |
| 22:44 | Construir | Farm |
| 22:57 | Construir | Farm |
| 23:39 | Construir | Farm |
| 23:47 | Investigar | Town Watch |
| 23:59 | Investigar | Castle Age |
| 24:40 | Construir | Farm |
| 24:44 | Construir | Farm |
| 26:19 | Construir | Archery Range |
| 26:22 | Construir | Archery Range |
| 26:24 | Construir | Archery Range |
| 26:54 | Crear | Spearman |
| 26:54 | Crear | Spearman |
| 28:09 | Construir | Farm |
| 28:15 | Construir | Lumber Camp |
| 28:22 | Crear | Spearman |
| 28:22 | Crear | Spearman |
| 28:25 | Crear | Villager (Male) |
| 28:25 | Crear | Villager (Male) |
| 28:58 | Construir | Town Center |
| 29:11 | Construir | Town Center |
| 29:21 | Crear | Villager (Male) |
| 29:22 | Crear | Villager (Male) |
| 29:22 | Crear | Villager (Male) |
| 29:22 | Crear | Villager (Male) |
| 29:23 | Crear | Villager (Male) |
| 29:23 | Crear | Villager (Male) |
| 30:16 | Crear | Villager (Male) |
| 30:39 | Crear | Villager (Male) |
| 30:40 | Crear | Villager (Male) |
| 30:40 | Crear | Villager (Male) |
| 30:48 | Investigar | Bow Saw |
| 31:51 | Crear | Villager (Male) |
| 31:52 | Crear | Villager (Male) |
| 31:53 | Crear | Villager (Male) |
| 31:54 | Crear | Villager (Male) |
| 31:54 | Crear | Villager (Male) |
| 31:57 | Crear | Villager (Male) |
| 31:57 | Crear | Villager (Male) |
| 31:57 | Crear | Villager (Male) |
| 32:11 | Investigar | Horse Collar |
| 32:22 | Crear | Villager (Male) |
| 32:22 | Crear | Villager (Male) |
| 32:22 | Crear | Villager (Male) |
| 32:22 | Crear | Villager (Male) |
| 32:23 | Crear | Villager (Male) |
| 32:23 | Crear | Villager (Male) |
| 32:23 | Crear | Villager (Male) |
| 32:23 | Crear | Villager (Male) |
| 32:24 | Crear | Villager (Male) |
| 32:24 | Crear | Villager (Male) |
| 32:35 | Investigar | Scale Mail Armor |
| 32:36 | Investigar | Padded Archer Armor |
| 32:40 | Crear | Cavalry Archer |
| 32:41 | Crear | Cavalry Archer |
| 32:41 | Crear | Cavalry Archer |
| 32:41 | Crear | Cavalry Archer |
| 32:42 | Crear | Cavalry Archer |
| 32:42 | Crear | Cavalry Archer |
| 32:42 | Crear | Cavalry Archer |
| 32:42 | Crear | Cavalry Archer |
| 32:50 | Investigar | Pikeman (upgrade) |
| 32:51 | Crear | Spearman |
| 32:51 | Crear | Spearman |
| 33:30 | Crear | Cavalry Archer |
| 33:30 | Crear | Cavalry Archer |
| 33:30 | Crear | Cavalry Archer |
Build order — Izaya
90 acciones detectadas en el replay
| 6:51 | Construir | Town Center |
| 8:31 | Crear | Villager (Male) |
| 8:32 | Investigar | Loom |
| 8:53 | Crear | Villager (Male) ×3 |
| 9:55 | Construir | House |
| 9:57 | Construir | House |
| 9:58 | Construir | House |
| 10:00 | Construir | House |
| 11:09 | Crear | Villager (Male) ×3 |
| 12:39 | Construir | Lumber Camp |
| 12:48 | Crear | Villager (Male) ×3 |
| 13:18 | Crear | Villager (Male) |
| 15:01 | Crear | Villager (Male) ×4 |
| 15:30 | Construir | Mill |
| 16:17 | Construir | House |
| 16:22 | Construir | House |
| 17:44 | Construir | Farm |
| 17:45 | Construir | Farm |
| 17:50 | Crear | Villager (Male) ×5 |
| 18:51 | Construir | Mining Camp |
| 19:34 | Investigar | Feudal Age |
| 20:11 | Construir | Farm |
| 20:12 | Construir | Farm |
| 20:14 | Construir | Farm |
| 20:22 | Construir | Farm |
| 20:46 | Construir | Mining Camp |
| 21:39 | Construir | Market |
| 22:17 | Construir | Mill |
| 29:11 | Investigar | Wheelbarrow |
| 29:15 | Crear | Villager (Male) ×5 |
| 29:29 | Construir | Lumber Camp |
| 30:45 | Crear | Villager (Male) ×5 |
| 31:11 | Construir | Barracks |
| 32:09 | Crear | Spearman ×5 |
| 32:22 | Construir | Blacksmith |
| 32:46 | Crear | Villager (Male) |
| 32:49 | Crear | Villager (Male) ×5 |
| 33:19 | Construir | Stable |
| 33:32 | Construir | Farm |
| 34:04 | Construir | House |
| 34:06 | Construir | House |
| 34:07 | Construir | House |
| 34:08 | Construir | House |
| 34:59 | Crear | Spearman ×3 |
| 35:20 | Construir | Farm |
| 36:00 | Construir | Stone Wall |
| 36:22 | Crear | Spearman ×5 |
| 36:28 | Crear | Scout Cavalry ×5 |
| 37:00 | Construir | Farm |
| 37:01 | Construir | Farm |
| 37:02 | Construir | Farm |
| 37:33 | Construir | Lumber Camp |
| 38:04 | Construir | Farm |
| 38:08 | Investigar | Castle Age |
| 38:21 | Investigar | Forging |
| 38:35 | Crear | Spearman |
| 39:28 | Investigar | Horse Collar |
| 39:30 | Crear | Villager (Male) ×3 |
| 39:50 | Crear | Villager (Male) |
| 40:19 | Investigar | Double-Bit Axe |
| 40:59 | Construir | Stone Wall |
| 41:22 | Construir | Stone Wall |
| 41:44 | Construir | Stone Wall |
| 42:56 | Construir | Town Center |
| 43:15 | Investigar | Hand Cart |
| 43:17 | Crear | Villager (Male) ×3 |
| 43:53 | Crear | Spearman ×3 |
| 43:54 | Crear | Militia ×2 |
| 44:09 | Crear | Spearman |
| 44:09 | Crear | Spearman |
| 44:37 | Crear | Spearman |
| 44:51 | Construir | Farm |
| 46:19 | Investigar | Pikeman (upgrade) |
| 46:24 | Crear | Knight ×4 |
| 46:29 | Crear | Spearman |
| 47:55 | Construir | Farm |
| 47:55 | Construir | Farm |
| 47:56 | Construir | Farm |
| 47:56 | Construir | Farm |
| 47:56 | Construir | Farm |
| 47:56 | Construir | Farm |
| 48:41 | Crear | Villager (Male) |
| 48:41 | Crear | Villager (Male) |
| 48:42 | Crear | Villager (Male) |
| 49:02 | Crear | Spearman |
| 50:03 | Investigar | Town Watch |
| 52:29 | Crear | Spearman ×5 |
| 52:29 | Crear | Militia ×5 |
| 52:29 | Crear | Spearman ×2 |
| 52:29 | Crear | Spearman |
Build order — saahilrasheedh7092
Primeras 150 de 160 acciones detectadas
| 2:03 | Construir | Town Center |
| 3:44 | Crear | Villager (Male) |
| 3:44 | Crear | Villager (Male) |
| 3:44 | Crear | Villager (Male) |
| 3:45 | Crear | Villager (Male) |
| 3:45 | Crear | Villager (Male) |
| 4:19 | Construir | House |
| 4:23 | Construir | House |
| 5:17 | Crear | Villager (Male) |
| 5:18 | Crear | Villager (Male) |
| 5:47 | Crear | Villager (Male) |
| 5:48 | Crear | Villager (Male) |
| 6:04 | Crear | Villager (Male) |
| 6:04 | Crear | Villager (Male) |
| 7:18 | Crear | Villager (Male) |
| 7:18 | Crear | Villager (Male) |
| 7:48 | Crear | Villager (Male) |
| 7:48 | Crear | Villager (Male) |
| 8:57 | Crear | Villager (Male) |
| 8:57 | Crear | Villager (Male) |
| 9:06 | Construir | House |
| 9:14 | Crear | Villager (Male) |
| 9:15 | Crear | Villager (Male) |
| 9:20 | Construir | House |
| 9:22 | Construir | House |
| 9:48 | Construir | Mill |
| 10:25 | Crear | Villager (Male) |
| 10:26 | Crear | Villager (Male) |
| 11:47 | Construir | Lumber Camp |
| 12:07 | Investigar | Loom |
| 12:39 | Investigar | Feudal Age |
| 13:16 | Crear | Villager (Male) ×5 |
| 15:00 | Construir | Stone Wall |
| 15:24 | Construir | Market |
| 15:59 | Construir | Mining Camp |
| 16:20 | Construir | Blacksmith |
| 16:34 | Construir | Dock |
| 16:52 | Investigar | Double-Bit Axe |
| 17:07 | Construir | Mining Camp |
| 17:30 | Construir | Lumber Camp |
| 17:45 | Crear | Villager (Male) ×5 |
| 18:03 | Investigar | Tech 906 |
| 18:48 | Construir | House |
| 18:49 | Construir | House |
| 19:00 | Construir | Mill |
| 19:09 | Investigar | Castle Age |
| 21:29 | Investigar | Horse Collar |
| 21:33 | Crear | Fishing Ship ×5 |
| 22:28 | Construir | Fish Trap |
| 22:30 | Construir | Fish Trap |
| 22:31 | Construir | Fish Trap |
| 23:39 | Construir | Castle |
| 24:32 | Construir | Fish Trap |
| 24:40 | Construir | Stone Wall |
| 25:08 | Construir | Town Center |
| 25:21 | Crear | Woad Raider ×5 |
| 25:22 | Crear | Woad Raider ×3 |
| 25:30 | Construir | Fish Trap |
| 25:51 | Investigar | Gillnets |
| 25:52 | Crear | Demolition Raft |
| 25:57 | Crear | Fishing Ship ×2 |
| 26:16 | Construir | Stone Wall |
| 26:31 | Crear | Villager (Male) ×5 |
| 26:55 | Crear | Villager (Male) ×3 |
| 27:17 | Construir | Mill |
| 27:42 | Construir | Farm |
| 27:43 | Construir | Farm |
| 27:44 | Construir | Farm |
| 27:45 | Construir | Farm |
| 27:47 | Construir | Farm |
| 27:53 | Construir | Fish Trap |
| 27:57 | Construir | Fish Trap |
| 28:32 | Construir | Siege Workshop |
| 29:07 | Construir | Stone Wall |
| 30:13 | Construir | Stone Wall |
| 30:19 | Construir | Gate |
| 30:28 | Crear | Villager (Male) |
| 30:28 | Crear | Villager (Male) |
| 30:33 | Crear | Villager (Male) ×5 |
| 30:41 | Construir | Farm |
| 30:42 | Construir | Farm |
| 30:44 | Construir | Farm |
| 30:45 | Construir | Farm |
| 30:46 | Construir | Farm |
| 30:47 | Construir | Farm |
| 30:48 | Construir | Farm |
| 30:53 | Crear | Battering Ram |
| 30:53 | Crear | Battering Ram |
| 32:00 | Crear | Woad Raider ×5 |
| 32:00 | Crear | Woad Raider ×5 |
| 32:19 | Investigar | Heavy Plow |
| 32:20 | Investigar | Bow Saw |
| 32:40 | Construir | House |
| 32:41 | Construir | House |
| 32:41 | Construir | House |
| 32:41 | Construir | House |
| 32:42 | Construir | House |
| 32:42 | Construir | House |
| 32:42 | Construir | House |
| 32:43 | Construir | House |
| 32:43 | Construir | House |
| 32:43 | Construir | House |
| 32:43 | Construir | House |
| 32:51 | Construir | Stone Wall |
| 32:54 | Construir | Gate |
| 32:58 | Construir | Stone Wall |
| 33:07 | Construir | House |
| 35:05 | Construir | Stone Wall |
| 35:09 | Construir | Gate |
| 35:15 | Construir | Stone Wall |
| 35:51 | Construir | Gate |
| 35:58 | Construir | Mining Camp |
| 36:08 | Construir | Monastery |
| 36:23 | Crear | Woad Raider ×5 |
| 36:24 | Crear | Woad Raider ×5 |
| 36:24 | Crear | Woad Raider ×5 |
| 36:53 | Investigar | Imperial Age |
| 38:15 | Crear | Woad Raider ×5 |
| 38:15 | Crear | Woad Raider ×5 |
| 38:50 | Construir | Stone Wall |
| 38:55 | Construir | Gate |
| 39:09 | Construir | Lumber Camp |
| 39:14 | Construir | University |
| 39:21 | Construir | Lumber Camp |
| 40:10 | Investigar | Conscription |
| 40:24 | Investigar | Gold Mining |
| 40:24 | Investigar | Stone Mining |
| 40:43 | Investigar | Caravan |
| 40:52 | Crear | Trade Cart ×5 |
| 41:15 | Investigar | Wheelbarrow |
| 41:24 | Crear | Trebuchet (Packed) |
| 41:24 | Crear | Trebuchet (Packed) |
| 41:28 | Investigar | Wheelbarrow |
| 41:39 | Crear | Villager (Male) ×5 |
| 42:14 | Construir | Stone Wall |
| 42:40 | Crear | Woad Raider ×5 |
| 42:41 | Crear | Woad Raider ×5 |
| 43:49 | Crear | Woad Raider ×5 |
| 43:49 | Crear | Woad Raider ×5 |
| 44:22 | Construir | Stone Wall |
| 44:46 | Construir | Barracks |
| 45:52 | Construir | Castle |
| 46:06 | Construir | Stable |
| 46:07 | Construir | Stable |
| 46:09 | Construir | Stable |
| 46:10 | Construir | Stable |
| 46:22 | Construir | Fish Trap |
| 46:35 | Investigar | Hand Cart |
| 46:39 | Investigar | Guilds |
| 46:59 | Crear | Trebuchet (Packed) |
Build order — eXo Leech
Primeras 150 de 643 acciones detectadas
| 1:43 | Construir | Town Center |
| 2:39 | Construir | House |
| 2:58 | Construir | House |
| 3:52 | Crear | Villager (Male) |
| 3:53 | Crear | Villager (Male) |
| 3:53 | Crear | Villager (Male) |
| 3:54 | Crear | Villager (Male) |
| 3:54 | Crear | Villager (Male) |
| 4:00 | Investigar | Loom |
| 4:01 | Crear | Villager (Male) |
| 4:02 | Crear | Villager (Male) |
| 4:02 | Crear | Villager (Male) |
| 4:02 | Crear | Villager (Male) |
| 5:15 | Crear | Villager (Male) |
| 6:08 | Crear | Villager (Male) |
| 6:19 | Construir | House |
| 6:22 | Construir | House |
| 6:43 | Crear | Villager (Male) |
| 7:24 | Crear | Villager (Male) |
| 7:50 | Construir | Mill |
| 7:55 | Crear | Villager (Male) |
| 8:16 | Crear | Villager (Male) |
| 8:46 | Crear | Villager (Male) |
| 8:59 | Construir | Farm |
| 8:59 | Construir | Farm |
| 8:59 | Construir | Farm |
| 8:59 | Construir | Farm |
| 8:59 | Construir | Farm |
| 8:59 | Construir | Farm |
| 8:59 | Construir | Farm |
| 8:59 | Construir | Farm |
| 8:59 | Construir | Farm |
| 8:59 | Construir | Farm |
| 8:59 | Construir | Farm |
| 8:59 | Construir | Farm |
| 8:59 | Construir | Farm |
| 8:59 | Construir | Farm |
| 9:07 | Construir | Farm |
| 9:07 | Construir | Farm |
| 9:07 | Construir | Farm |
| 9:07 | Construir | Farm |
| 9:07 | Construir | Farm |
| 9:07 | Construir | Farm |
| 9:07 | Construir | Farm |
| 9:07 | Construir | Farm |
| 9:07 | Construir | Farm |
| 9:07 | Construir | Farm |
| 9:07 | Construir | Farm |
| 9:07 | Construir | Farm |
| 9:35 | Construir | Farm |
| 9:35 | Construir | Farm |
| 9:45 | Crear | Villager (Male) |
| 9:45 | Crear | Villager (Male) |
| 10:07 | Construir | Farm |
| 10:07 | Construir | Farm |
| 10:07 | Construir | Farm |
| 10:07 | Construir | Farm |
| 10:07 | Construir | Farm |
| 10:07 | Construir | Farm |
| 10:07 | Construir | Farm |
| 10:08 | Construir | Farm |
| 10:08 | Construir | Farm |
| 10:08 | Construir | Farm |
| 10:08 | Construir | Farm |
| 10:08 | Construir | Farm |
| 10:08 | Construir | Farm |
| 10:08 | Construir | Farm |
| 10:08 | Construir | Farm |
| 10:08 | Construir | Farm |
| 10:08 | Construir | Farm |
| 10:08 | Construir | Farm |
| 10:10 | Construir | Farm |
| 10:57 | Crear | Villager (Male) |
| 10:57 | Crear | Villager (Male) |
| 10:59 | Crear | Villager (Male) |
| 11:25 | Crear | Villager (Male) |
| 12:15 | Construir | Barracks |
| 12:46 | Crear | Villager (Male) |
| 12:47 | Crear | Villager (Male) |
| 13:38 | Construir | Mining Camp |
| 13:45 | Crear | Villager (Male) |
| 13:45 | Crear | Villager (Male) |
| 14:37 | Construir | Mining Camp |
| 14:58 | Investigar | Feudal Age |
| 15:33 | Construir | Farm |
| 15:33 | Construir | Farm |
| 15:33 | Construir | Farm |
| 15:33 | Construir | Farm |
| 15:33 | Construir | Farm |
| 15:33 | Construir | Farm |
| 15:33 | Construir | Farm |
| 15:33 | Construir | Farm |
| 16:09 | Crear | Villager (Male) |
| 16:10 | Crear | Villager (Male) |
| 16:10 | Crear | Villager (Male) |
| 16:20 | Construir | House |
| 16:30 | Construir | Farm |
| 16:56 | Construir | Farm |
| 17:14 | Investigar | Man-at-Arms (upgrade) |
| 17:38 | Construir | House |
| 17:53 | Crear | Villager (Male) |
| 18:09 | Construir | Lumber Camp |
| 18:15 | Crear | Villager (Male) |
| 18:27 | Construir | House |
| 18:39 | Crear | Villager (Male) |
| 18:43 | Crear | Villager (Male) |
| 18:47 | Construir | Farm |
| 18:47 | Construir | Farm |
| 18:47 | Construir | Farm |
| 18:47 | Construir | Farm |
| 18:47 | Construir | Farm |
| 18:47 | Construir | Farm |
| 18:47 | Construir | Farm |
| 18:47 | Construir | Farm |
| 18:47 | Construir | Farm |
| 18:47 | Construir | Farm |
| 18:47 | Construir | Farm |
| 18:47 | Construir | Farm |
| 18:47 | Construir | Farm |
| 18:47 | Construir | Farm |
| 18:47 | Construir | Farm |
| 18:47 | Construir | Farm |
| 18:47 | Construir | Farm |
| 19:13 | Construir | Farm |
| 19:13 | Construir | Farm |
| 19:13 | Construir | Farm |
| 19:13 | Construir | Farm |
| 19:13 | Construir | Farm |
| 19:13 | Construir | Farm |
| 19:13 | Construir | Farm |
| 19:13 | Construir | Farm |
| 19:13 | Construir | Farm |
| 19:13 | Construir | Farm |
| 19:13 | Construir | Farm |
| 19:13 | Construir | Farm |
| 19:13 | Construir | Farm |
| 19:13 | Construir | Farm |
| 19:13 | Construir | Farm |
| 19:14 | Construir | Farm |
| 19:14 | Construir | Farm |
| 19:38 | Construir | Farm |
| 19:38 | Construir | Farm |
| 19:38 | Construir | Farm |
| 19:38 | Construir | Farm |
| 19:38 | Construir | Farm |
| 19:39 | Construir | Farm |
| 19:47 | Crear | Villager (Male) |
| 20:03 | Construir | Farm |
| 20:03 | Construir | Farm |
| 20:03 | Construir | Farm |
Build order — Jimenez197060
56 acciones detectadas en el replay
| 0:11 | Construir | Town Center |
| 2:45 | Crear | Villager (Male) |
| 2:45 | Crear | Villager (Male) |
| 2:48 | Investigar | Loom |
| 2:49 | Crear | Villager (Male) |
| 2:49 | Crear | Villager (Male) |
| 2:49 | Crear | Villager (Male) |
| 2:50 | Crear | Villager (Male) |
| 2:50 | Crear | Villager (Male) |
| 4:02 | Construir | Mill |
| 5:17 | Crear | Villager (Male) |
| 5:26 | Crear | Villager (Male) |
| 5:27 | Crear | Villager (Male) |
| 6:25 | Crear | Villager (Male) |
| 7:29 | Construir | Lumber Camp |
| 7:31 | Crear | Villager (Male) |
| 7:31 | Crear | Villager (Male) |
| 7:32 | Crear | Villager (Male) |
| 7:32 | Crear | Villager (Male) |
| 7:32 | Crear | Villager (Male) |
| 7:49 | Crear | Villager (Male) |
| 8:16 | Crear | Villager (Male) |
| 8:25 | Crear | Villager (Male) |
| 8:43 | Crear | Villager (Male) |
| 9:24 | Crear | Villager (Male) |
| 9:55 | Crear | Villager (Male) |
| 10:02 | Crear | Villager (Male) |
| 10:22 | Construir | Barracks |
| 10:50 | Crear | Villager (Male) |
| 10:52 | Crear | Villager (Male) |
| 12:28 | Crear | Villager (Male) |
| 12:36 | Crear | Villager (Male) |
| 12:42 | Crear | Villager (Male) |
| 12:56 | Crear | Villager (Male) |
| 14:17 | Construir | Lumber Camp |
| 14:48 | Crear | Villager (Male) |
| 14:49 | Crear | Villager (Male) |
| 16:56 | Investigar | Feudal Age |
| 17:28 | Construir | Palisade Wall |
| 17:37 | Construir | Palisade Wall |
| 18:01 | Crear | Villager (Male) |
| 18:01 | Crear | Villager (Male) |
| 19:12 | Crear | Villager (Male) |
| 19:13 | Crear | Villager (Male) |
| 19:17 | Crear | Villager (Male) |
| 19:29 | Construir | Mill |
| 19:41 | Construir | Farm |
| 19:48 | Crear | Villager (Male) |
| 20:01 | Construir | Mining Camp |
| 20:13 | Construir | Palisade Wall |
| 20:29 | Construir | Palisade Wall |
| 20:43 | Crear | Villager (Male) |
| 21:13 | Investigar | Man-at-Arms (upgrade) |
| 21:13 | Crear | Militia |
| 22:14 | Construir | Lumber Camp |
| 22:58 | Crear | Militia |
Build order — eXo BlackOut
Primeras 150 de 402 acciones detectadas
| 0:34 | Construir | Town Center |
| 2:20 | Construir | House |
| 2:22 | Construir | House |
| 3:03 | Crear | Villager (Male) |
| 3:04 | Crear | Villager (Male) |
| 3:04 | Crear | Villager (Male) |
| 3:04 | Crear | Villager (Male) |
| 4:51 | Crear | Villager (Male) |
| 5:03 | Investigar | Loom |
| 5:41 | Crear | Villager (Male) |
| 5:42 | Crear | Villager (Male) |
| 6:47 | Crear | Villager (Male) |
| 6:47 | Crear | Villager (Male) |
| 7:22 | Crear | Villager (Male) |
| 7:23 | Crear | Villager (Male) |
| 7:48 | Crear | Villager (Male) |
| 7:54 | Construir | House |
| 8:22 | Construir | Lumber Camp |
| 8:48 | Crear | Villager (Male) |
| 8:48 | Crear | Villager (Male) |
| 8:49 | Crear | Villager (Male) |
| 9:18 | Construir | Mill |
| 10:04 | Crear | Villager (Male) |
| 10:27 | Crear | Villager (Male) |
| 10:43 | Construir | Barracks |
| 10:51 | Crear | Villager (Male) |
| 11:11 | Construir | House |
| 11:22 | Investigar | Feudal Age |
| 11:59 | Construir | Mining Camp |
| 12:15 | Construir | Farm |
| 12:17 | Construir | Farm |
| 12:20 | Crear | Militia |
| 12:20 | Crear | Militia |
| 12:20 | Crear | Militia |
| 12:48 | Crear | Villager (Male) |
| 13:01 | Construir | House |
| 13:11 | Crear | Militia |
| 13:12 | Crear | Militia |
| 13:18 | Crear | Villager (Male) |
| 13:37 | Investigar | Man-at-Arms (upgrade) |
| 14:09 | Crear | Militia |
| 14:10 | Investigar | Arson |
| 14:22 | Crear | Villager (Male) |
| 14:27 | Construir | Farm |
| 14:28 | Construir | Farm |
| 14:44 | Construir | House |
| 14:47 | Construir | House |
| 15:23 | Crear | Villager (Male) |
| 15:25 | Investigar | Double-Bit Axe |
| 15:28 | Crear | Villager (Male) |
| 15:40 | Crear | Villager (Male) |
| 16:19 | Crear | Villager (Male) |
| 16:19 | Crear | Villager (Male) |
| 16:23 | Crear | Spearman |
| 16:46 | Crear | Villager (Male) |
| 16:54 | Construir | Blacksmith |
| 17:00 | Crear | Villager (Male) |
| 17:21 | Crear | Villager (Male) |
| 17:30 | Crear | Villager (Male) |
| 17:47 | Investigar | Scale Mail Armor |
| 17:57 | Construir | Market |
| 18:03 | Construir | Lumber Camp |
| 18:06 | Crear | Villager (Male) |
| 18:31 | Investigar | Town Watch |
| 18:41 | Construir | House |
| 18:43 | Construir | House |
| 18:45 | Construir | House |
| 18:56 | Crear | Villager (Male) |
| 19:14 | Investigar | Forging |
| 19:29 | Construir | Farm |
| 19:33 | Construir | Farm |
| 20:02 | Construir | Farm |
| 20:03 | Construir | Farm |
| 20:26 | Crear | Villager (Male) |
| 20:27 | Crear | Villager (Male) |
| 20:32 | Construir | Farm |
| 20:33 | Construir | Farm |
| 20:36 | Construir | Farm |
| 21:11 | Construir | Mill |
| 21:27 | Crear | Villager (Male) |
| 21:59 | Construir | Farm |
| 22:09 | Investigar | Castle Age |
| 22:48 | Construir | Barracks |
| 23:16 | Crear | Villager (Male) |
| 23:17 | Crear | Villager (Male) |
| 23:19 | Crear | Villager (Male) |
| 23:38 | Investigar | Fletching |
| 23:42 | Construir | Archery Range |
| 23:45 | Construir | Archery Range |
| 24:57 | Construir | Town Center |
| 25:13 | Investigar | Gambesons |
| 25:13 | Investigar | Long Swordsman (upgrade) |
| 25:17 | Investigar | Iron Casting |
| 25:22 | Construir | Farm |
| 25:23 | Construir | Farm |
| 25:25 | Construir | Farm |
| 25:26 | Construir | Farm |
| 25:28 | Construir | Farm |
| 25:35 | Crear | Villager (Male) |
| 25:35 | Crear | Villager (Male) |
| 25:48 | Investigar | Squires |
| 25:54 | Crear | Villager (Male) |
| 25:55 | Crear | Villager (Male) |
| 26:15 | Investigar | Bow Saw |
| 26:24 | Crear | Villager (Male) |
| 26:26 | Investigar | Wheelbarrow |
| 26:41 | Crear | Villager (Male) |
| 26:41 | Crear | Villager (Male) |
| 26:42 | Crear | Villager (Male) |
| 26:42 | Crear | Villager (Male) |
| 26:43 | Crear | Villager (Male) |
| 27:33 | Crear | Villager (Male) |
| 27:35 | Crear | Villager (Male) |
| 27:35 | Crear | Villager (Male) |
| 27:35 | Crear | Villager (Male) |
| 27:36 | Crear | Villager (Male) |
| 27:36 | Crear | Villager (Male) |
| 28:18 | Investigar | Chain Mail Armor |
| 28:34 | Crear | Villager (Male) |
| 28:36 | Crear | Villager (Male) |
| 28:36 | Crear | Villager (Male) |
| 28:58 | Crear | Villager (Male) |
| 29:09 | Construir | Farm |
| 29:11 | Construir | Farm |
| 29:12 | Construir | Farm |
| 29:14 | Construir | Farm |
| 29:15 | Construir | Farm |
| 29:16 | Construir | Farm |
| 29:36 | Crear | Villager (Male) |
| 29:36 | Crear | Villager (Male) |
| 30:04 | Construir | University |
| 30:17 | Construir | Monastery |
| 30:37 | Construir | Farm |
| 30:41 | Investigar | Hand Cart |
| 30:42 | Crear | Villager (Male) |
| 30:43 | Crear | Villager (Male) |
| 30:43 | Crear | Villager (Male) |
| 30:54 | Construir | Farm |
| 31:01 | Construir | Farm |
| 31:04 | Construir | House |
| 31:14 | Construir | Farm |
| 31:16 | Construir | Farm |
| 31:17 | Construir | Farm |
| 31:20 | Construir | Farm |
| 31:21 | Construir | Farm |
| 31:23 | Construir | Farm |
| 31:30 | Construir | Farm |
| 31:36 | Investigar | Murder Holes |
| 32:22 | Crear | Villager (Male) |
| 32:37 | Construir | Town Center |
Cronología de la partida
| 10:22 | Jimenez197060 · first_building Barracks |
| 10:43 | eXo BlackOut · first_building Barracks |
| 12:15 | eXo Leech · first_building Barracks |
| 12:16 | Xtasy · first_building Barracks |
| 13:04 | eXo WipeOut · first_building Barracks |
| 13:23 | Xtasy · wall_segment Palisade Wall x4 |
| 13:26 | Xtasy · wall_segment Palisade Wall x6 |
| 13:44 | Xtasy · first_building Dock |
| 14:06 | BleakAftershock · first_building Barracks |
| 15:00 | saahilrasheedh7092 · wall_segment Stone Wall x44 |
| 16:34 | saahilrasheedh7092 · first_building Dock |
| 17:01 | Xtasy · first_building Archery Range |
| 17:28 | Jimenez197060 · wall_segment Palisade Wall x2 |
| 17:37 | Jimenez197060 · wall_segment Palisade Wall x10 |
| 18:24 | Xtasy · first_building Stable |
| 19:23 | Xtasy · wall_segment Stone Wall x6 |
| 20:11 | Xtasy · wall_segment Stone Wall x7 |
| 20:12 | Xtasy · wall_segment Stone Wall x7 |
| 20:13 | Jimenez197060 · wall_segment Palisade Wall x3 |
| 20:29 | Jimenez197060 · wall_segment Palisade Wall x2 |
| 21:48 | eXo BlackOut · first_market_buy 100 food |
| 23:15 | saahilrasheedh7092 · first_market_buy 100 stone |
| 23:20 | saahilrasheedh7092 · first_market_sell 500 wood |
| 23:39 | saahilrasheedh7092 · first_building Castle |
| 23:42 | eXo BlackOut · first_building Archery Range |
| 24:03 | Jimenez197060 · resign |
| 24:40 | saahilrasheedh7092 · wall_segment Stone Wall x14 |
| 24:55 | eXo Leech · first_market_buy 100 food |
| 25:54 | eXo Leech · first_building Stable |
| 26:16 | saahilrasheedh7092 · wall_segment Stone Wall x3 |
| 26:19 | BleakAftershock · first_building Archery Range |
| 27:36 | eXo WipeOut · first_building Stable |
| 28:02 | eXo Leech · first_building Castle |
| 28:32 | saahilrasheedh7092 · first_building Siege Workshop |
| 29:07 | saahilrasheedh7092 · wall_segment Stone Wall x21 |
| 30:13 | saahilrasheedh7092 · wall_segment Stone Wall x31 |
| 30:17 | eXo BlackOut · first_building Monastery |
| 30:26 | Xtasy · wall_segment Stone Wall x1 |
| 30:38 | eXo WipeOut · first_building Archery Range |
| 30:41 | Xtasy · first_market_buy 100 food |
| 30:43 | Xtasy · first_market_sell 100 wood |
| 31:11 | Izaya · first_building Barracks |
| 31:19 | Xtasy · wall_segment Stone Wall x6 |
| 32:51 | saahilrasheedh7092 · wall_segment Stone Wall x2 |
| 32:58 | saahilrasheedh7092 · wall_segment Stone Wall x4 |
| 33:19 | Izaya · first_building Stable |
| 35:05 | saahilrasheedh7092 · wall_segment Stone Wall x9 |
| 35:15 | saahilrasheedh7092 · wall_segment Stone Wall x13 |
| 35:40 | Xtasy · wall_segment Stone Wall x21 |
| 35:44 | Xtasy · wall_segment Stone Wall x34 |
| 35:57 | eXo Leech · first_building Monastery |
| 36:00 | Izaya · wall_segment Stone Wall x24 |
| 36:00 | Xtasy · wall_segment Stone Wall x7 |
| 36:08 | saahilrasheedh7092 · first_building Monastery |
| 36:16 | eXo BlackOut · first_building Castle |
| 37:49 | BleakAftershock · first_building Castle |
| 38:47 | eXo Leech · first_building Siege Workshop |
| 38:50 | saahilrasheedh7092 · wall_segment Stone Wall x22 |
| 39:39 | Xtasy · first_building Castle |
| 40:59 | Izaya · wall_segment Stone Wall x7 |
| 41:22 | Izaya · wall_segment Stone Wall x15 |
| 41:44 | Izaya · wall_segment Stone Wall x13 |
| 42:14 | saahilrasheedh7092 · wall_segment Stone Wall x1 |
| 42:43 | BleakAftershock · first_building Siege Workshop |
| 44:22 | saahilrasheedh7092 · wall_segment Stone Wall x1 |
| 44:46 | saahilrasheedh7092 · first_building Barracks |
| 45:20 | eXo WipeOut · first_building Castle |
| 46:06 | saahilrasheedh7092 · first_building Stable |
| 46:08 | eXo BlackOut · first_market_sell 100 wood |
| 49:58 | BleakAftershock · first_building Monastery |
| 53:02 | eXo Leech · first_market_sell 100 wood |
[ ANÁLISIS IA · 1 CRÉDITO ]
¿Qué pasó realmente en esta partida?
Wolo.gg analiza cada decisión: build order, eco, micro, errores típicos por bracket. Análisis personalizado por WhatsApp o Discord en 30 segundos.
Guía civ
Cumanos
Guía mapa
African Clearing
Perfil
Jugador #10902507